 Seeded DCSS version 0.29.1-1-gd02db6906a (webtiles) character file.

Game seed: 1820541843810280381 (custom seed)

851 GigaChad the Protected (level 7, -7/68 HPs)
             Began as a Minotaur Fighter on Oct 4, 2022.
             Mangled by Prince Ribbit (11 damage)
             ... on level 5 of the Dungeon.
             The game lasted 00:07:37 (2832 turns).

GigaChad the Protected (Minotaur Fighter)           Turns: 2832, Time: 00:07:37

Health: -7/68      AC: 16    Str: 22    XL:     7   Next: 69%
Magic:  6/6        EV:  6    Int:  5    God:
Gold:   208        SH:  4    Dex: 10    Spells: 6/6 levels left

rFire   . . .      SeeInvis .   a - +1 long sword (drain)
rCold   . . .      Faith    .   c - +0 buckler
rNeg    . . .      Spirit   .   p - +1 plate armour
rPois   .          Reflect  .   (helmet restricted)
rElec   .          Harm     .   A - +0 cloak
rCorr   .          Rampage  .   (no gloves)
Will    .....                   (no boots)
Stlth   ..........              g - amulet of regeneration
HPRegen 1.01/turn               (no ring)
MPRegen 0.10/turn               (no ring)

@: no status effects
A: horns 2, retaliatory headbutt
a: no special abilities


You were on level 5 of the Dungeon.
You visited 1 branch of the dungeon, and saw 5 of its levels.

You collected 208 gold pieces.

Inventory:

Hand Weapons
 a - a +1 long sword of draining (weapon)
Armour
 b - a +0 scale mail
 c - a +0 buckler (worn)
 p - a +1 plate armour (worn)
 A - a +0 cloak (worn)
Jewellery
 f - an amulet of faith
 g - an amulet of regeneration (around neck)
 k - an amulet of reflection
 u - a ring of protection from fire
Scrolls
 h - a scroll of magic mapping
 n - 2 scrolls of identify
 o - 3 scrolls of teleportation
 t - a scroll of enchant weapon
 w - a scroll of silence
Potions
 d - 2 potions of might
 e - a potion of brilliance {unknown}
 i - a potion of magic {unknown}
 j - 2 potions of degeneration {unknown}
 l - 2 potions of curing {unknown}
 m - a potion of mutation {unknown}
 q - 2 potions of heal wounds {unknown}
 r - 2 potions of attraction {unknown}
 s - 2 potions of cancellation {unknown}
 v - a potion of haste {unknown}
 B - 3 potions of flight {unknown}


   Skills:
 - Level 8.0 Fighting
 - Level 2.4 Long Blades
 + Level 8.4 Armour
 - Level 3.8 Shields


You had 6 spell levels left.
You didn't know any spells.
Your spell library contained the following spells:

 Spells                   Type           Power      Damage    Failure   Level
 Scorch                   Fire           0%         2d5       100%        2
 Flame Wave               Conj/Fire      0%         2d4       100%        4
 Summon Cactus Giant      Summ           0%         N/A       100%        6


Dungeon Overview and Level Annotations

Branches:
Dungeon (5/15)
 Temple: D:4-7

Altars:

Shops:
D:5 (

Annotations:
D:5 Prince Ribbit


Innate Abilities, Weirdness & Mutations

You have a pair of horns on your head.
You reflexively headbutt those who attack you in melee.


Message History

You block the white imp's attack.
You closely miss the white imp.
The white imp hits you but does no damage.
You completely miss the white imp. The white imp gestures at you.
The puff of frost hits you but does no damage.
The white imp gestures at you. The puff of frost hits you!
* * * LOW HITPOINT WARNING * * *
Prince Ribbit croaks.
You slash the white imp!
The white imp is severely wounded.
The white imp gestures at you. You block the puff of frost.
You closely miss the white imp.
The white imp is severely wounded.
Prince Ribbit seems less drained.
Prince Ribbit hops awkwardly around.
The white imp hits you but does no damage.
The white imp gestures at you. The puff of frost hits you!
* * * LOW HITPOINT WARNING * * *
You slash the white imp!
You kill the white imp!
Prince Ribbit completely misses you. You furiously retaliate!
You headbutt Prince Ribbit!
Prince Ribbit blinks!
Prince Ribbit blinks!
Prince Ribbit blinks!
Prince Ribbit croaks regally.
You hit Prince Ribbit. Your headbutt misses Prince Ribbit.
Prince Ribbit is almost dead.
Prince Ribbit hits you.
* * * LOW HITPOINT WARNING * * *
Prince Ribbit hits you.
* * * LOW HITPOINT WARNING * * *
You barely miss Prince Ribbit.
Prince Ribbit is almost dead.
Prince Ribbit hits you!
You die...

###..##.....#
#.........#
#######)..##..#
.....#)....#..##
##..........#
###....∩...##.#
#....†....)#
#.#.#..F..##
.....##.@.##
..... ##..# ....
##... ##. #####


You could see Prince Ribbit.

Vanquished Creatures
  A centaur (D:5)
  An ogre (D:5)
  2 scorpions
  A necrophage (D:4)
  An orc priest (D:4)
  A hound (D:5)
  3 iguanas
  Natasha (twice) (D:3)
  An orc wizard (D:4)
  10 gnolls
  5 adders
  A white imp (D:5)
  2 dart slugs
  7 orcs
  5 bats
  7 endoplasms
  3 giant cockroaches
  35 goblins
  29 hobgoblins
  3 jackals (D:3)
  5 quokkas
  4 ball pythons
  3 frilled lizards
  9 kobolds
  3 rats
144 creatures vanquished.

Notes
Turn   | Place    | Note
-------+----------+-------------------------------------------
     0 | D:1      | GigaChad the Minotaur Fighter began the quest for the Orb.
     0 | D:1      | Reached XP level 1. HP: 19/19 MP: 0/0
   163 | D:1      | Reached XP level 2. HP: 27/27 MP: 1/1
   206 | D:1      | Found a faded altar of an unknown god.
   384 | D:1      | Reached XP level 3. HP: 34/34 MP: 2/2
   567 | D:2      | Reached skill level 5 in Fighting
  1230 | D:3      | Reached XP level 4. HP: 35/44 MP: 3/3
  1385 | D:3      | Noticed Natasha
  1393 | D:3      | Killed Natasha
  1394 | D:3      | Reached XP level 5. HP: 51/51 MP: 4/4
  1554 | D:3      | Noticed Natasha
  1559 | D:3      | Killed Natasha
  1803 | D:4      | Reached XP level 6. HP: 57/61 MP: 5/5
  1973 | D:4      | Reached skill level 5 in Armour
  2226 | D:4      | Reached XP level 7. HP: 68/68 MP: 6/6
  2661 | D:5      | Entered Level 5 of the Dungeon
  2778 | D:5      | Found Segomadd's Weapon Shoppe.
  2779 | D:5      | Noticed Prince Ribbit
  2822 | D:5      | HP: 2/68 [white imp/puff of frost (8)]
  2831 | D:5      | HP: 3/68 [Prince Ribbit (3)]
  2832 | D:5      | Mangled by Prince Ribbit

Illustrated notes

Levels and vault maps discovered:
D:1:      dpeg_arrival_rooms_with_view, layout_rooms,
          shapermc_ecumenical_altar_notcrosses
D:2:      layout_loops_ring
D:3:      layout_basic, uniq_natasha
D:4:      minmay_goblin_kobold_castle, layout_rooms
D:5:      layout_loops_cross, grunt_temple_overflow_open, serial_shops,
          nicolae_shop_bloodbath_and_beyond, uniq_prince_ribbit1

Skill      XL: |  1  2  3  4  5  6  7 |
---------------+----------------------+-----
Fighting       | 4 5 6 8 |  8.0
Armour         | 6 8 |  8.4
Long Blades    | |  2.4
Shields        | |  3.8

Action                   |  1- 3 |  4- 6 |  7- 9 || total
-------------------------+-------+-------+-------++-------
Melee: Long sword        |   100 |   155 |    95 ||   350
       Headbutt          |     9 |    16 |     8 ||    33
  Use: Scroll            |     4 |     8 |     1 ||    13
Armor: Scale mail        |    23 |       |       ||    23
       Plate armour      |    48 |   179 |    82 ||   309
Dodge: Dodged            |    49 |    90 |    39 ||   178
Block: Buckler           |    17 |    56 |    27 ||   100
